Map: Magannatha LE

Players

LiquidMaNa (MaNa)

  • Race: Protoss Protoss
  • League: Grandmaster
  • Spawn Location: 11:00

SKillous - Winner!

  • Race: Protoss Protoss
  • League: Master
  • Spawn Location: 5:00

VOD

Have the link to the VOD?

Description

Time

  • Played on: July 27, 2025, 1:18 p.m.
  • Length: 5:54
Show
View Real Time Build Order
Export as new Build Order

LiquidMaNa Protoss 

Build Orders:  

Get SALT Encoding   

  12  0:00  Probe  
  13  0:12  Probe  
  14  0:17  Pylon  
  14  0:24  Probe  
  15  0:33  Probe  
  15  0:35  Gateway  
  15  0:41  Probe  
  16  0:46  Assimilator  
  17  0:51  Probe  
  18  0:59  Probe  
  19  1:04  Assimilator  
  19  1:05  Pylon  
  19  1:07  Probe  
  19  1:17  Probe  
  20  1:22  Cybernetics Core  
  21  1:27  Zealot  
  21  1:30  Probe  
  24  1:42  Probe  
  26  1:54  Probe  
  26  1:58  Warp Gate, Sentry  
  29  2:11  Nexus  
  28  2:20  Pylon  
  28  2:27  Stargate  
  28  2:30  Probe  
  29  2:39  Adept  
  31  2:52  Probe  
  31  2:54  Shield Battery  
  32  3:02  Shield Battery  
  33  3:06  Void Ray  
  36  3:15  Shield Battery  
  37  3:20  Gateway  
  37  3:22  Stalker  
  37  3:28  Probe  
  37  3:33  Probe  
  41  3:49  Probe x2  
  43  3:57  Shield Battery  
  43  4:02  Sentry  
  46  4:05  Shield Battery  
  46  4:06  Void Ray  
  46  4:11  Pylon  
  46  4:22  Adept  
  46  4:34  Void Ray  
  36  4:48  Stalker x2  
  36  4:52  Probe  
  41  5:08  Shield Battery  
  40  5:15  Pylon  
  40  5:27  Pylon  
  40  5:32  Pylon  
Show
View Real Time Build Order
Export as new Build Order

SKillous Protoss - Winner!

Build Orders:  

Get SALT Encoding   

  12  0:00  Probe  
  13  0:12  Probe  
  14  0:17  Pylon  
  14  0:24  Probe  
  15  0:32  Probe  
  15  0:38  Gateway  
  15  0:40  Probe  
  16  0:46  Assimilator  
  17  0:51  Probe  
  17  0:53  Assimilator  
  18  0:59  Probe  
  19  1:06  Gateway  
  19  1:07  Probe  
  20  1:17  Probe  
  20  1:25  Cybernetics Core  
  21  1:29  Probe  
  22  1:41  Probe  
  22  1:42  Pylon  
  24  2:02  Adept, Robotics Facility  
  24  2:03  Adept  
  24  2:07  Warp Gate  
  27  2:19  Pylon  
  27  2:32  Adept  
  27  2:33  Adept  
  31  2:38  Warp Prism  
  33  2:53  Gateway  
  33  3:02  Sentry  
  33  3:03  Sentry  
  37  3:10  Pylon  
  37  3:23  Immortal  
  41  3:47  Pylon  
  41  3:54  Stalker x3  
  47  4:05  Pylon  
  47  4:25  Warp Prism  
  47  4:26  Stalker x2  
  47  4:27  Stalker  
  51  4:58  Stalker x3  
  57  5:07  Pylon  
  55  5:39  Stalker x3  
Tags
 
Add a new tag
Caveats
  • Supply blocks, unpowered buildings, or Contaminate may cause inaccurate times.
  • Supply counts are checked every 10 seconds.